 Dungeon Crawl Stone Soup version 0.31-a0-986-g5e6e4ef867 (webtiles) character file.

Game seed: 17401655327576629850

57 Alacron the Chopper (level 3, 0/34 HPs)
             Began as a Minotaur Berserker on Nov 4, 2023.
             Was a Believer of Trog.
             Killed from afar by Natasha (6 damage)
             ... with a magic dart
             ... on level 2 of the Dungeon on Nov 5, 2023.
             The game lasted 00:04:46 (1147 turns).

Alacron the Chopper (Minotaur Berserker)            Turns: 1147, Time: 00:04:46

Health: 0/34       AC:  2    Str: 23    XL:     3   Next: 73%
Magic:  2/2        EV: 12    Int:  4    God:    Trog [**....]
Gold:   98         SH:  0    Dex:  9    Spells: 2/2 levels left

rFire   . . .        a - +0 hand axe
rCold   . . .        (no shield)
rNeg    . . .        b - +0 animal skin
rPois   .            (helmet restricted)
rElec   .            (no cloak)
rCorr   .            (no gloves)
SInv    .            (no boots)
Will    .....        (no amulet)
Stlth   +            (no ring)
HPRegen 0.25/turn    (no ring)
MPRegen 0.08/turn

%: no passive effects
@: no status effects
A: horns 2, retaliatory headbutt
a: Renounce Religion, Berserk, Trog's Hand


You were on level 2 of the Dungeon.
You worshipped Trog.
Trog was pleased with you.
You visited 1 branch of the dungeon, and saw 2 of its levels.

You collected 98 gold pieces.

Inventory:

Hand Weapons
 a - a +0 hand axe (weapon)
Armour
 b - a +0 animal skin (worn)
Jewellery
 c - a ring of ice
Scrolls
 d - a scroll of amnesia {unknown}
 f - a scroll of enchant weapon {unknown}
 g - a scroll of identify {unknown}
 i - a scroll of fog {unknown}
 j - a scroll of enchant armour {unknown}
Potions
 e - 2 potions of mutation {unknown}
 h - a potion of curing {unknown}


   Skills:
 + Level 4.6 Fighting
 + Level 4.7 Axes
 + Level 2.7 Armour
 + Level 2.3 Dodging
 + Level 0.1 Stealth


You had 2 spell levels left.
You didn't know any spells.
Your spell library was empty.

Dungeon Overview and Level Annotations

Branches:
Dungeon (2/15)

Altars:

Annotations:
D:2 Natasha


Innate Abilities, Weirdness & Mutations

You have a pair of horns on your head.
You reflexively headbutt those who attack you in melee.


Message History

A bat is nearby!
You see here a +0 dagger.
No target in view!
Found a trident.
Found a stone staircase leading up.
The bat hits you but does no damage.
You closely miss the bat. The bat hits you.
You hit the bat.
You kill the bat!
Trog accepts your kill.
Found a leather armour.
An adder comes into view.
The adder hisses angrily.
An adder is nearby!
Natasha, Servant of Life and Death comes into view.
She is carrying a wand of flame.
Found a scroll labelled WEEN ZUOGRILL.
Natasha hisses angrily.
Natasha zaps a wand.
The puff of flame hits you.
You hit the adder. Your headbutt misses the adder.
The adder is moderately wounded.
The adder misses you. You furiously retaliate!
You headbutt the adder!
Natasha casts a spell.
You barely miss the adder.
The adder is almost dead.
The adder bites you but does no damage. The adder closely misses you.
You furiously retaliate!
You headbutt the adder!
You kill the adder!
Trog accepts your kill.
The cerulean imp hits you from afar with a +1 spear.
There are monsters nearby!
Natasha zaps a wand.
The puff of flame hits you!
The cerulean imp hits you from afar with a +1 spear.
Natasha zaps a wand.
The puff of flame hits you!
* * * LOW HITPOINT WARNING * * *
The cerulean imp misses you.
You closely miss Natasha. Your headbutt misses Natasha.
You closely miss the cerulean imp.
Natasha stares at you and mumbles some strange words.
The magic dart hits you.
You die...
Natasha begins licking her fur clean.

### #.#
...####.###### ######
#...........## .....#
##...........?##
####.#
#..............# #.#
#..<.).[.......#
#.####..............#
#...)#........5.....#
####.........@h.....#
###.............##
##...........##
##...########
###########...#
#.............#
..#########...# #...#
##### ###.##


You could see Natasha and a cerulean imp (summoned).

Vanquished Creatures
  An adder (D:2)
  A worm (D:2)
  A bat (D:2)
  5 endoplasms
  2 giant cockroaches (D:1)
  9 goblins
  3 hobgoblins (D:1)
  3 jackals (D:1)
  2 kobolds
  3 quokkas (D:1)
  3 ball pythons
  5 rats (D:1)
38 creatures vanquished.

Notes
Turn   | Place    | Note
-------+----------+-------------------------------------------
     0 | D:1      | Alacron the Minotaur Berserker began the quest for the Orb.
     0 | D:1      | Reached XP level 1. HP: 19/19 MP: 0/0
    87 | D:1      | Reached XP level 2. HP: 20/27 MP: 1/1
   493 | D:1      | Reached XP level 3. HP: 33/33 MP: 2/2
   841 | D:2      | Identified the +0 cloak of Irotz {Dex+4}
   948 | D:2      | Reached ** piety under Trog
  1140 | D:2      | Noticed Natasha
  1147 | D:2      | Killed from afar by Natasha

Illustrated notes

Levels and vault maps discovered:
D:1:      lemuel_arrival_funnel, layout_loops_ring, nrook_loot_triangle
D:2:      layout_rooms, uniq_crazy_yiuf_cottage, uniq_natasha

Skill      XL: |  1  2 |
---------------+-------+-----
Axes           | 4 |  4.7
Fighting       | 4 |  4.6
Armour         | |  2.7
Dodging        | |  2.3
Stealth        | |  0.1

Action                     || total
---------------------------++-------
  Melee: Hand axe          ||    75
         Headbutt          ||     9
         Punch             ||     1
 Armour: Animal skin       ||    44
  Dodge: Dodged            ||    43

Table legend: (Time is in decaauts)
 A = Elapsed time spent in this place.
 B = Non-inter-level travel time spent in this place.
 C = Inter-level travel time spent in this place.
 D = Time resting spent in this place.
 E = Time spent auto-exploring this place.
 F = Levels seen in this place.
 G = Mean time per level.
                   A        B        C        D        E       F      G
               +--------+--------+--------+--------+--------+-----+--------+
         Total |   1153 |   1142 |     11 |     50 |    908 |   2 |  576.5 |
       Dungeon |   1153 |   1142 |     11 |     50 |    908 |   2 |  576.5 |
               +--------+--------+--------+--------+--------+-----+--------+

Top non-repeatable levels by time:
     D:1: 837 daAuts
     D:2: 316 daAuts
